AoeStats
← AOKI_GworK

Nomad

503483563Analyzed
4v4 RM · 1mo ago on Aug 31, 2026· 60m 17s· 8 players
Game mode
Random Map
Map size
231×231
Population
200
Speed
Normal
Resources
Standard
Victory
Conquest
Starting age
Dark Age
Ending age
Imperial Age
RankedLock teamsTeams togetherTeam positionsShared explorationLock speedFull tech treeHidden civsTurbo modeCheats
Victory
Defeat
🇺🇸 Huns · United States
1636
+15
🇦🇷 Khmer · Argentina
1596
+17
🇦🇺 Teutons · Australia
1581
+18
🇦🇷 Berbers · Argentina
1569
+18
🇫🇷 Georgians · France
1701
-21
🇫🇷 Maya · France
1675
-20
🇫🇷 Aztecs · France
1665
-19
🇫🇷 Byzantines · France
1449
-10
PEPPA
6:04 Loom
21:33 Feudal Age
24:55 Castle Age
23:15 Double-Bit Axe
31:00 Fishing Lines
31:08 Horse Collar
33:02 Gillnets
34:15 Wheelbarrow
35:19 Bow Saw
38:37 Hand Cart
43:06 Imperial Age
44:12 Scale Mail Armor
44:23 Forging
45:32 Chain Mail Armor
47:33 Plate Mail Armor
47:39 Iron Casting
47:09 Squires
48:51 Fletching
50:37 Crenellations
50:38 Conscription
50:55 Bodkin Arrow
51:20 Elite Teutonic Knight
54:56 Blast Furnace
55:21 Masonry
55:32 Ballistics
57:45 Chemistry
58:18 Caravan
MrWrong
4:51 Loom
14:08 Feudal Age
15:07 Double-Bit Axe
18:19 Castle Age
17:06 Fishing Lines
19:21 Bow Saw
19:09 Horse Collar
22:40 Wheelbarrow
24:39 Heavy Plow
30:14 Imperial Age
28:48 Bloodlines
29:03 Scale Barding Armor
29:00 Husbandry
31:10 Chain Barding Armor
30:53 Devotion
31:30 Forging
30:58 Capped Ram
32:31 Plate Barding Armor
31:24 Cavalier
32:57 Forging
34:07 Hand Cart
35:05 Gold Mining
36:12 Paladin
38:20 Iron Casting
42:26 Blast Furnace
41:56 Conscription
43:21 Coinage
45:06 Banking
46:04 Atheism
48:29 Guilds
49:02 Siege Ram
54:42 Light Cavalry
56:40 Caravan
| ArCas |SirLaPonia
6:24 Loom
13:01 Feudal Age
16:26 Castle Age
17:31 Wheelbarrow
17:56 Forging
17:55 Scale Barding Armor
19:07 Double-Bit Axe
20:46 Town Watch
22:07 Chain Barding Armor
25:03 Light Cavalry
26:04 Horse Collar
32:38 Forging
32:50 Fletching
33:01 Stone Mining
34:56 Iron Casting
34:34 Bloodlines
36:19 Bow Saw
36:35 Heavy Plow
40:58 Imperial Age
39:21 Husbandry
40:51 Hand Cart
42:04 Conscription
41:45 Bodkin Arrow
43:31 Ballistics
43:13 Bracer
43:52 Gold Mining
52:35 Double Crossbow
54:25 Chemistry
54:48 Hussar
57:02 Siege Engineers
57:39 Masonry
57:25 Murder Holes
56:53 Heavy Scorpion
60:19 Plate Barding Armor
60:52 Blast Furnace
martincho
4:36 Loom
14:10 Feudal Age
18:37 Castle Age
17:23 Gold Mining
17:39 Double-Bit Axe
18:21 Fletching
20:11 Bow Saw
21:54 Fishing Lines
23:57 Medium Warships
24:15 Horse Collar
24:34 Town Watch
27:00 Bodkin Arrow
26:57 Gillnets
28:16 Wheelbarrow
28:38 Ballistics
32:15 Hand Cart
33:20 Forging
33:15 Scale Barding Armor
33:22 Bloodlines
33:13 Husbandry
36:53 Imperial Age
35:07 Chain Barding Armor
38:43 Chemistry
37:44 Padded Archer Armor
37:38 Cavalier
38:55 Plate Barding Armor
38:57 Iron Casting
38:54 Leather Archer Armor
39:34 Gold Shaft Mining
38:54 Stone Mining
39:26 Conscription
40:45 Bracer
42:02 Blast Furnace
46:11 Ring Archer Armor
45:24 Treadmill Crane
45:55 Masonry
49:14 Elite Camel Archer
49:57 Maghrebi Camels
49:58 Kasbah
50:28 Siege Engineers
51:56 Murder Holes
55:11 Stone Shaft Mining
55:37 Hoardings
57:16 Light Cavalry
AOKI_GworK
9:33 Loom
11:47 Feudal Age
16:31 Castle Age
16:27 Double-Bit Axe
23:15 Wheelbarrow
23:21 Town Watch
26:37 Hand Cart
26:35 Stone Mining
27:26 Bow Saw
30:20 Imperial Age
28:44 Scale Mail Armor
28:55 Forging
29:02 Gold Mining
29:46 Chain Mail Armor
29:21 Eagle Warrior
30:02 Squires
30:00 Horse Collar
30:41 Elite Eagle Warrior
31:30 Arson
32:18 Plate Mail Armor
34:06 Garland Wars
34:41 Iron Casting
33:53 Pikeman
36:50 Blast Furnace
36:39 Gambesons
37:20 Conscription
37:31 Capped Ram
46:13 Fletching
49:35 Bodkin Arrow
49:41 Padded Archer Armor
49:12 Siege Ram
55:36 Bracer
AOKI_Totor
5:07 Loom
14:03 Feudal Age
17:54 Castle Age
15:51 Fishing Lines
16:50 Double-Bit Axe
17:01 Fletching
19:17 Medium Warships
19:10 Pikeman
20:30 Bow Saw
20:29 Town Watch
22:51 Horse Collar
24:52 Wheelbarrow
27:52 Squires
27:55 Scale Mail Armor
29:16 Scale Barding Armor
31:49 Chain Mail Armor
37:31 Imperial Age
36:06 Forging
35:53 Gold Mining
36:44 Chain Barding Armor
36:53 Heavy Plow
39:15 Plate Barding Armor
38:34 Halberdier
41:21 Iron Casting
45:27 Crop Rotation
44:59 Elite Monaspa
46:50 Conscription
47:50 Blast Furnace
52:14 Hand Cart
53:47 Chemistry
57:40 Aznauri Cavalry
AOKI_Yo
5:31 Loom
12:27 Feudal Age
19:25 Double-Bit Axe
26:17 Fletching
34:45 Castle Age
34:31 Wheelbarrow
36:33 Town Watch
40:05 Bow Saw
39:38 Horse Collar
45:44 Hand Cart
46:32 Bodkin Arrow
47:16 Stone Mining
47:21 Gold Mining
50:53 Imperial Age
49:27 Thumb Ring
49:46 Heavy Plow
50:42 Ballistics
51:10 Bodkin Arrow
53:07 Chemistry
52:11 Bracer
51:54 Elite Plumed Archer
53:18 Conscription
53:32 Padded Archer Armor
57:09 Leather Archer Armor
57:43 Hoardings
56:33 Onager
57:25 Masonry
58:19 Town Patrol
AOKI_bjorni
5:51 Loom
6:03 Loom
13:53 Feudal Age
19:45 Castle Age
20:40 Double-Bit Axe
23:24 Wheelbarrow
22:31 Horse Collar
22:59 Pikeman
26:06 Scale Barding Armor
26:16 Bow Saw
26:07 Heavy Plow
27:22 Demolition Ship
28:19 Medium Warships
29:58 Gold Mining
30:01 Stone Mining
31:16 Hand Cart
31:33 Scale Barding Armor
31:38 Forging
35:51 Imperial Age
33:32 Greek Fire
35:37 Chain Barding Armor
36:22 Squires
36:22 Halberdier
47:34 Logistica
49:59 Plate Barding Armor
50:41 Iron Casting
51:43 Light Cavalry
52:23 Husbandry
54:33 Hussar
56:09 Onager
57:56 Chemistry
58:05 Conscription
Connection lost

Rejoining the realm…

Still unreachable

The connection could not be restored.

Session expired

The server has moved on; the page needs a fresh start.